 Dungeon Crawl Stone Soup version bcrawl-1.14 (webtiles) character file.

Game seed: 4933301857775996986

51723 Revguard the Nimble (level 14, -2/113 HPs)
             Began as a Gnoll Reaver on Sept 9, 2019.
             Was the Champion of Vehumet.
             Slain by a +2 glaive of protection (12 damage)
             ... on level 1 of the Elven Halls.
             The game lasted 02:04:40 (20090 turns).

Revguard the Nimble (Gnoll Reaver)                 Turns: 20090, Time: 02:04:41

Health: -2/113     AC: 19    Str: 15    XL:     14   Next: 60%
Magic:  10/37      EV: 20    Int: 20    God:    Vehumet [******]
Gold:   1265       SH:  3    Dex: 16    Spells: 1/33 levels left

rFire    . . .     SeeInvis .   a - +8 long sword (vamp)
rCold    + + +     Gourm    +   (no shield)
rNeg     . . .     Faith    .   G - +1 troll leather armour
rPois    .         Spirit   .   q - +1 hat
rElec    +         Reflect  .   N - +2 cloak {rC+}
rCorr    .         Harm     .   b - +2 pair of gloves "Telyunah" {rElec rC+ Int+2}
MR       +....                  z - +2 pair of boots
Stlth    ++++......             y - amulet of the gourmand
HPRegen  0.68/turn              F - ring of Kegraush {Ice rElec Slay+3}
MPRegen  0.25/turn              t - ring of magical power

@: no status effects
A: distributed training, fangs 1, thin metallic scales 1, fire resistance 1,
strong nose
a: Renounce Religion


You were on level 1 of the Elven Halls.
You worshipped Vehumet.
Vehumet was exalted by your worship.
You were full.

You visited 3 branches of the dungeon, and saw 14 of its levels.
You also visited: Ossuary, Bailey and Ice Cave.

You collected 1844 gold pieces.
You spent 579 gold pieces at shops.

Inventory:

Hand Weapons
 a - a +8 vampiric long sword (weapon)
 M - a +7 long sword of freezing
Missiles
 j - a throwing net (quivered) {!f}
Armour
 b - the +2 pair of gloves "Telyunah" (worn) {rElec rC+ Int+2}
   (You acquired it in an ice cave)

   It affects your intelligence (+2).
   It protects you from cold.
   It insulates you from electricity.
 q - a +1 hat (worn)
 z - a +2 pair of boots (worn)
 G - a +1 troll leather armour (worn)
 N - a +2 cloak of cold resistance (worn)
 P - a +0 cloak of magic resistance
Magical Staves
 D - an uncursed staff of earth
 E - an uncursed staff of conjuration
Jewellery
 k - an uncursed ring of positive energy
 t - a ring of magical power (right hand)
 y - an amulet of the gourmand (around neck)
 F - the ring of Kegraush (left hand) {Ice rElec Slay+3}
   (You found it on level 10 of the Dungeon)

   [ring of ice]

   It enhances your ice magic.
   It affects your accuracy and damage with ranged weapons and melee attacks
   (+3).
   It makes you vulnerable to fire.
   It protects you from cold.
   It insulates you from electricity.
 H - an uncursed ring of flight
 L - an uncursed ring of insulation
Wands
 i - a wand of digging (18)
 s - a wand of disintegration (16)
 v - a wand of polymorph (8)
 x - a wand of flame (54)
 B - a wand of random effects (11)
Scrolls
 d - 4 scrolls of immolation
 e - 7 scrolls of remove curse
 g - 6 scrolls of teleportation
 p - a scroll of blinking
 r - 2 scrolls of identify
 I - a scroll of fog
Potions
 c - 2 potions of haste
 h - 3 potions of curing
 l - 5 potions of lignification
 m - 5 potions of might
 n - 3 potions of agility
 o - a potion of heal wounds
 u - 2 potions of brilliance
 w - a potion of resistance
 A - 3 potions of flight
 C - 3 potions of ambrosia
 K - a potion of berserk rage
Miscellaneous
 J - a lamp of fire
Comestibles
 f - 27 rations {!d}


   Skills:
 + Level 11.1 Fighting
 + Level 9.2 Short Blades
 + Level 11.1 Long Blades
 + Level 9.2 Axes
 + Level 9.2 Maces & Flails
 + Level 9.2 Polearms
 + Level 9.2 Staves
 + Level 9.2 Slings
 + Level 9.2 Bows
 + Level 9.2 Crossbows
 + Level 9.2 Throwing
 + Level 9.2 Armour
 + Level 11.1 Dodging
 + Level 9.2 Stealth
 + Level 9.2 Shields
 + Level 9.2 Unarmed Combat
 + Level 10.4 Spellcasting
 + Level 7.7 Conjurations
 + Level 7.7 Hexes
 + Level 7.7 Charms
 + Level 7.7 Summonings
 + Level 7.7 Necromancy
 + Level 7.7 Translocations
 + Level 7.7 Transmutations
 + Level 7.7 Fire Magic
 + Level 7.7 Ice Magic
 + Level 7.7 Air Magic
 + Level 7.7 Earth Magic
 + Level 7.7 Poison Magic
 + Level 10.0 Invocations
 + Level 9.2 Evocations


You had one spell level left.
You knew the following spells:

 Your Spells              Type           Power        Failure   Level  Hunger
a - Flame Tongue          Conj/Fire      #####        1%          1    None
b - Inner Flame           Hex/Fire       N/A          1%          3    None
c - Throw Frost           Conj/Ice       ######       1%          2    None
d - Mephitic Cloud        Conj/Pois/Air  #####...     1%          3    None
e - Ring of Flames        Chrm/Fire      #####.....   96%         7    #######
f - Mana Rupture          Conj/Hex       #####.....   54%         7    #######
g - Olgreb's Toxic Radia  Pois           #####...     1%          4    ##.....
h - Bolt of Magma         Conj/Fire/Erth #####.....   2%          5    ####...

Your spell library contained the following spells:

 Spells                   Type           Power        Failure   Level  Hunger
 Beastly Appendage        Tmut           #####.       1%          1    None
 Magic Dart               Conj           ####         1%          1    None
 Pain                     Necr           ####         1%          1    None
 Slow                     Hex            #####...     1%          1    None
 Blink                    Tloc           N/A          1%          2    None
 Call Imp                 Summ           #####...     1%          2    None
 Poisonous Vapours        Pois/Air       #####.       1%          2    None
 Sticks to Snakes         Tmut           #####...     1%          2    None
 Confuse                  Hex            #####...     1%          3    None
 Conjure Flame            Conj/Fire      #####...     1%          3    None
 Dazzling Spray           Conj/Hex       #####.       1%          3    None
 Spider Form              Tmut/Pois      ###          1%          3    None
 Yara's Violent Unravell  Hex/Tmut       #####.....   1%          4    ##.....
 Iskenderun's Battlesphe  Conj/Chrm      #####...     2%          5    ####...
 Ice Form                 Ice/Tmut       ######..     3%          4    ##.....
 Petrify                  Tmut/Erth      #####...     3%          4    ##.....
 Blade Hands              Tmut           #####.....   10%         5    ####...
 Metabolic Englaciation   Hex/Ice        ######....   10%         5    ####...
 Freezing Cloud           Conj/Ice/Air   ######....   13%         6    ######.


Dungeon Overview and Level Annotations

Branches:
Dungeon (12/12)            Temple (0/1) D:7            Lair (0/6) D:8
    Orc (1/1) D:11            Elf (1/3) Orc          Vaults (0/3) D:11
 Depths (0/5) D:12

Altars:
Dithmenos
Elyvilon
Kikubaaqudgha
Lugonu
Makhleb
Sif Muna
Uskayaw
Vehumet
Wu Jian
Beogh

Shops:
D:6 ![   D:9 (   D:12 ?   Orc (}:?}


Innate Abilities, Weirdness & Mutations

Your experience applies equally to all skills.
You have very sharp teeth.
Your uncanny sense of smell can sniff out nearby items.
You are partially covered in thin metallic scales. (AC +2)
Your flesh is heat resistant. (rF+)


Message History

Confirm with . or Enter, or press ? or * to list all spells.
Aiming: Flame Tongue (safe; 1% risk of failure)
Press: ? - help, Shift-Dir - straight line, f - +2 glaive of protection
Aim: a +2 glaive of protection (moderately damaged)
The flame tongue hits the +2 glaive of protection.
The +2 glaive of protection appears unharmed.
The +2 glaive of protection is moderately damaged.
The deep elf archer shoots an arrow.
The arrow hits you!
* * * LOW HITPOINT WARNING * * *
The +2 glaive of protection hits you from afar!!
* * * LOW HITPOINT WARNING * * *
You feel much better.
The deep elf archer's inner flame fades away.
The +2 glaive of protection hits you from afar!
* * * LOW HITPOINT WARNING * * *
The +2 glaive of protection hits you from afar!
* * * LOW HITPOINT WARNING * * *
There is a staircase back to the Mines, spattered with blood here.
The +2 glaive of protection hits you from afar!
You die...

#.. #...........#..#......
#..[##+######'###..#######
#.........................
+.........................
#...###'#####...######'###
# #.......#...#.........
#...#.......#...#.........
#...#.......#...#.........
#...#....@..#...#...###...
#.e.#.......#...#...#.#...
#...#..(....#...#...'.#...
#...#..e....'...#...######
+...#.......#...'..## ∆
#:.(#.......#...#..#
#...'.......#...#..#
........#.......#...#.## ∆
........#.......#...#^#∆ ∆


You could see a deep elf archer and a +2 glaive of protection.

Vanquished Creatures
  A frost giant (IceCv)
  A deep elf sorcerer (Elf:1)
  3 ogre magi
  A hydra (D:11)
  Psyche (D:9)
  Erolcha (Orc)
  The ghost of kroki the Cleaver, a novice MiAc of Okawaru (D:8)
  8 two-headed ogres
  3 tengu warriors (D:12)
  A dancing weapon (Elf:1)
  A deep elf knight (Elf:1)
  Nergalle (D:9)
  An unseen horror (D:12)
  A deep elf archer (Elf:1)
  2 orc knights
  3 cyclopes
  4 ugly things
  10 orc sorcerers
  2 deep elf magi
  2 manticores (D:12)
  A centaur zombie (D:10)
  Maurice (D:9)
  2 ice statues (IceCv)
  2 tengu conjurers (D:12)
  2 trolls
  A hornet (D:10)
  13 polar bears (IceCv)
  12 slime creatures
  Grinder (D:3)
  6 hippogriffs
  A shadow (D:11)
  3 spriggans (D:8)
  21 yaks
  A water elemental (Elf:1)
  A fire elemental (Elf:1)
  3 vampire mosquitoes (D:11)
  A warg (Orc)
  An acid dragon (D:11)
  A soldier ant (D:10)
  3 porcupines (D:8)
  24 orc warriors
  3 ice beasts
  5 black bears
  3 phantoms
  2 sky beasts
  A necrophage (D:6)
  8 wolves (IceCv)
  4 centaurs
  An eye of draining (D:11)
  15 ogres
  3 big kobolds
  9 bullfrogs
  15 scorpions
  8 killer bees (D:9)
  7 crimson imps
  3 human zombies (Ossuary)
  4 jellies
  3 hounds
  11 orc priests
  6 centaur skeletons
  4 iguanas
  9 worker ants
  41 orc wizards
  A killer bee zombie (D:7)
  A big kobold zombie (Ossuary)
  A hound zombie (D:5)
  A hound skeleton (D:9)
  4 mummies
  12 adders
  8 gnolls
  5 scorpion zombies (Ossuary)
  2 shadow imps
  12 white imps (D:11)
  2 oozes
  An adder zombie (D:5)
  An adder skeleton (D:6)
  3 dart slugs
  6 leopard geckos
  71 orcs
  A ball python (D:5)
  6 bats
  4 giant cockroaches
  8 goblins
  5 hobgoblins
  13 jackals
  4 quokkas
  5 frilled lizards
  A gnoll zombie (Ossuary)
  4 goblin zombies
  A hobgoblin zombie (Ossuary)
  18 kobolds
  2 kobold zombies (Ossuary)
  3 orc zombies
  6 rats
  22 fungi (D:8)
  11 plants (D:8)
559 creatures vanquished.

Vanquished Creatures (others)
  An ogre mage (D:12)
  31 fungi (D:8)
  9 plants (D:8)
41 creatures vanquished.

Grand Total: 600 creatures vanquished

Notes
Turn   | Place    | Note
-------+----------+-------------------------------------------
     0 | D:1      | Revguard the Gnoll Reaver began the quest for the Orb.
     0 | D:1      | Reached XP level 1. HP: 23/23 MP: 6/6
    63 | D:1      | Reached XP level 2. HP: 26/29 MP: 7/7
   277 | D:1      | Reached * piety under Vehumet
   277 | D:1      | Offered knowledge of Flame Tongue by Vehumet.
   277 | D:1      | Reached XP level 3. HP: 35/35 MP: 9/9
   287 | D:1      | Learned a level 1 spell: Flame Tongue
   349 | D:1      | Reached skill level 5 in Spellcasting
   597 | D:2      | Reached skill level 1 in Short Blades
   597 | D:2      | Reached skill level 1 in Axes
   597 | D:2      | Reached skill level 1 in Maces & Flails
   597 | D:2      | Reached skill level 1 in Polearms
   597 | D:2      | Reached skill level 1 in Staves
   597 | D:2      | Reached skill level 1 in Slings
   597 | D:2      | Reached skill level 1 in Bows
   597 | D:2      | Reached skill level 1 in Crossbows
   597 | D:2      | Reached skill level 1 in Throwing
   597 | D:2      | Reached skill level 1 in Armour
   597 | D:2      | Reached skill level 1 in Stealth
   597 | D:2      | Reached skill level 1 in Shields
   597 | D:2      | Reached skill level 1 in Unarmed Combat
   597 | D:2      | Reached skill level 1 in Invocations
   597 | D:2      | Reached skill level 1 in Evocations
   597 | D:2      | Reached XP level 4. HP: 31/41 MP: 9/11
   806 | D:2      | Reached skill level 1 in Conjurations
   806 | D:2      | Reached skill level 1 in Hexes
   806 | D:2      | Reached skill level 1 in Charms
   806 | D:2      | Reached skill level 1 in Summonings
   806 | D:2      | Reached skill level 1 in Necromancy
   806 | D:2      | Reached skill level 1 in Translocations
   806 | D:2      | Reached skill level 1 in Transmutations
   806 | D:2      | Reached skill level 1 in Fire Magic
   806 | D:2      | Reached skill level 1 in Ice Magic
   806 | D:2      | Reached skill level 1 in Air Magic
   806 | D:2      | Reached skill level 1 in Earth Magic
   806 | D:2      | Reached skill level 1 in Poison Magic
   819 | D:2      | Reached XP level 5. HP: 8/47 MP: 5/12
   834 | D:2      | Learned a level 5 spell: Iskenderun's Battlesphere
  1171 | D:2      | Offered knowledge of Throw Frost by Vehumet.
  1175 | D:2      | Learned a level 2 spell: Throw Frost
  1284 | D:2      | Reached ** piety under Vehumet
  1643 | D:3      | Found a white marble altar of Elyvilon.
  1687 | D:3      | Noticed Grinder
  1702 | D:3      | Killed Grinder
  1702 | D:3      | Reached XP level 6. HP: 31/53 MP: 0/14
  1790 | D:3      | Found an ornate altar of the Wu Jian Council.
  2132 | D:4      | Found a corrupted altar of Lugonu.
  2359 | D:4      | Reached XP level 7. HP: 54/59 MP: 3/15
  2517 | D:4      | Found a shadowy altar of Dithmenos.
  3007 | D:5      | Entered Level 5 of the Dungeon
  3583 | D:5      | Found a burning altar of Makhleb.
  3791 | D:5      | Reached XP level 8. HP: 67/67 MP: 11/16
  3796 | D:5      | Learned a level 3 spell: Mephitic Cloud
  4496 | D:6      | Identified a scroll of acquirement
  4499 | D:6      | Got a pair of brightly glowing boots
  4505 | D:6      | Identified the +1 pair of boots "Jierosy" {+Inv rPois MR+
                  | Int-4} (You acquired it on level 6 of the Dungeon)
  4530 | D:6      | Found an ancient bone altar of Kikubaaqudgha.
  4577 | D:6      | Offered knowledge of Inner Flame by Vehumet.
  4582 | D:6      | Learned a level 3 spell: Inner Flame
  4652 | D:6      | Noticed a hippogriff
  4780 | D:6      | Found Viadghoroth's Distillery.
  5375 | D:6      | Found Qiopoun's Armour Emporium.
  5651 | D:6      | Killed a hippogriff
  5651 | D:6      | Reached XP level 9. HP: 73/73 MP: 11/18
  5691 | D:6      | Gained mutation: You are partially covered in thin metallic
                  | scales. (AC +2) [potion of mutation]
  5691 | D:6      | Gained mutation: Your spells are a little easier to cast,
                  | but a little less powerful. [potion of mutation]
  5691 | D:6      | Lost mutation: Your spells are a little easier to cast, but
                  | a little less powerful. [potion of mutation]
  5691 | D:6      | Gained mutation: Your flesh is heat resistant. (rF+)
                  | [potion of mutation]
  5907 | D:7      | Found a radiant altar of Vehumet.
  6247 | D:7      | Reached *** piety under Vehumet
  6697 | D:7      | Found a staircase to the Ecumenical Temple.
  6716 | D:7      | Learned a level 7 spell: Mana Rupture
  6765 | D:7      | Noticed a two-headed ogre
  6768 | D:7      | Noticed an ogre mage
  6773 | D:7      | Noticed a two-headed ogre
  6775 | D:7      | Noticed a two-headed ogre
  6776 | D:7      | Noticed a two-headed ogre
  6777 | D:7      | Killed an ogre mage
  6777 | D:7      | Reached skill level 5 in Invocations
  6778 | D:7      | Killed a two-headed ogre
  6778 | D:7      | Reached XP level 10. HP: 80/80 MP: 4/20
  6786 | D:7      | Killed a two-headed ogre
  6786 | D:7      | Reached skill level 5 in Short Blades
  6786 | D:7      | Reached skill level 5 in Axes
  6786 | D:7      | Reached skill level 5 in Maces & Flails
  6786 | D:7      | Reached skill level 5 in Polearms
  6786 | D:7      | Reached skill level 5 in Staves
  6786 | D:7      | Reached skill level 5 in Slings
  6786 | D:7      | Reached skill level 5 in Bows
  6786 | D:7      | Reached skill level 5 in Crossbows
  6786 | D:7      | Reached skill level 5 in Throwing
  6786 | D:7      | Reached skill level 5 in Armour
  6786 | D:7      | Reached skill level 5 in Stealth
  6786 | D:7      | Reached skill level 5 in Shields
  6786 | D:7      | Reached skill level 5 in Unarmed Combat
  6786 | D:7      | Reached skill level 5 in Evocations
  6801 | D:7      | Killed a two-headed ogre
  6808 | D:7      | Killed a two-headed ogre
  6808 | D:7      | Offered knowledge of Olgreb's Toxic Radiance by Vehumet.
  7184 | D:8      | Noticed a two-headed ogre
  7211 | D:8      | Killed a two-headed ogre
  7218 | D:8      | Reached XP level 11. HP: 83/87 MP: 15/22
  7288 | D:8      | Noticed a two-headed ogre
  7345 | D:8      | Found a sand-covered staircase.
  7356 | Ossuary  | Entered an ossuary
  7549 | Ossuary  | Reached **** piety under Vehumet
  7603 | Ossuary  | Learned a level 4 spell: Olgreb's Toxic Radiance
  7793 | Ossuary  | Offered knowledge of Venom Bolt by Vehumet.
  7859 | Ossuary  | Reached skill level 5 in Conjurations
  7859 | Ossuary  | Reached skill level 5 in Hexes
  7859 | Ossuary  | Reached skill level 5 in Charms
  7859 | Ossuary  | Reached skill level 5 in Summonings
  7859 | Ossuary  | Reached skill level 5 in Necromancy
  7859 | Ossuary  | Reached skill level 5 in Translocations
  7859 | Ossuary  | Reached skill level 5 in Transmutations
  7859 | Ossuary  | Reached skill level 5 in Fire Magic
  7859 | Ossuary  | Reached skill level 5 in Ice Magic
  7859 | Ossuary  | Reached skill level 5 in Air Magic
  7859 | Ossuary  | Reached skill level 5 in Earth Magic
  7859 | Ossuary  | Reached skill level 5 in Poison Magic
  8054 | D:8      | Identified the +8 spear "Halop" {antimagic, +Fly Str+4}
  8055 | D:8      | Found a runed translucent door.
  8056 | D:8      | Noticed kroki's ghost (novice MiAc)
  8139 | D:8      | Killed a two-headed ogre
  8345 | D:8      | Reached ***** piety under Vehumet
  8407 | D:8      | Offered knowledge of Iron Shot by Vehumet.
  8412 | D:8      | Found a staircase to the Lair.
  8944 | D:8      | Noticed a wolf spider
  9337 | D:8      | HP: 1/89 [kroki's ghost (13)]
  9362 | D:8      | Killed kroki's ghost
 10154 | D:9      | Noticed Nergalle
 10177 | D:9      | Killed Nergalle
 10286 | D:9      | Found a hide-covered altar of Uskayaw.
 10310 | D:9      | Reached XP level 12. HP: 61/96 MP: 15/24
 10519 | D:9      | Noticed Psyche
 10535 | D:9      | Killed Psyche
 10783 | D:9      | Noticed Maurice
 10800 | D:9      | Killed Maurice
 10874 | D:9      | Found Caprogh's Antique Weapon Boutique.
 11085 | D:10     | Entered Level 10 of the Dungeon
 12182 | D:10     | Got a fine brass ring
 12184 | D:10     | Identified the ring of Kegraush {Ice rElec Slay+3} (You
                  | found it on level 10 of the Dungeon)
 13178 | D:11     | Found a frozen archway.
 13223 | IceCv    | Entered an ice cave
 13259 | IceCv    | Reached skill level 10 in Fighting
 13259 | IceCv    | Reached skill level 10 in Long Blades
 13259 | IceCv    | Reached skill level 10 in Dodging
 14096 | IceCv    | Reached XP level 13. HP: 83/103 MP: 10/26
 14463 | IceCv    | Noticed a frost giant
 14492 | IceCv    | Killed a frost giant
 14771 | IceCv    | Got a pair of distressingly furry gloves
 14782 | IceCv    | Identified the +2 pair of gloves "Telyunah" {rElec rC+
                  | Int+2} (You acquired it in an ice cave)
 15314 | D:11     | Found a gate to the Vaults.
 16043 | D:11     | Found a staircase to the Orcish Mines.
 16147 | D:11     | Offered knowledge of Spellforged Servitor by Vehumet.
 16157 | D:11     | Learned a level 7 spell: Ring of Flames
 16390 | D:12     | Entered Level 12 of the Dungeon
 16763 | D:12     | Found a staircase to the Depths.
 16817 | D:12     | Found a flagged portal.
 16827 | Bailey   | Entered a bailey
 17632 | D:12     | Reached skill level 10 in Spellcasting
 17702 | D:12     | Reached XP level 14. HP: 79/111 MP: 15/28
 17920 | D:12     | Found Atonatu's Magic Scroll Shoppe.
 17924 | D:12     | Bought a scroll of enchant weapon for 90 gold pieces
 17924 | D:12     | Bought a scroll of enchant weapon for 90 gold pieces
 17924 | D:12     | Bought a scroll of enchant weapon for 90 gold pieces
 18344 | Orc      | Entered the Orcish Mines
 18867 | Orc      | Found Qoigur's Gadget Emporium.
 18905 | Orc      | Found a staircase to the Elven Halls.
 18908 | Orc      | Bought a wand of disintegration (10) for 182 gold pieces
 19177 | Orc      | Found Duah's Magic Scroll Emporium.
 19267 | Orc      | Bought a scroll of enchant weapon for 127 gold pieces
 19281 | Orc      | Found a radiant altar of Vehumet.
 19285 | Orc      | Reached ****** piety under Vehumet
 19287 | Orc      | Noticed Erolcha
 19311 | Orc      | Killed Erolcha
 19374 | Orc      | Offered knowledge of Bolt of Magma by Vehumet.
 19387 | Orc      | Learned a level 5 spell: Bolt of Magma
 19391 | Orc      | Found an ancient bone altar of Kikubaaqudgha.
 19422 | Orc      | Found a roughly hewn altar of Beogh.
 19422 | Orc      | Found Tatt's Book Shoppe.
 19451 | Orc      | Found Ycadifan's Antique Weapon Emporium.
 19497 | Orc      | Found Uqemai's Gadget Shoppe.
 19549 | Orc      | Found a shimmering blue altar of Sif Muna.
 19576 | Orc      | Identified Sif Muna's Guide on Darkness
 19815 | Elf:1    | Entered Level 1 of the Elven Halls
 19870 | Elf:1    | Noticed a deep elf sorcerer
 19883 | Elf:1    | Killed a deep elf sorcerer
 19883 | Elf:1    | Reached skill level 10 in Invocations
 20090 | Elf:1    | Slain by a +2 glaive of protection

Skill      XL: |  1  2  3  4  5  6  7  8  9 10 11 12 13 14 |
---------------+-------------------------------------------+-----
Spellcasting   | 5 6 7 8 9 10 | 10.4
Short Blades   | 1 2 3 4 5 6 7 8 9 |  9.2
Axes           | 1 2 3 4 5 6 7 8 9 |  9.2
Maces & Flails | 1 2 3 4 5 6 7 8 9 |  9.2
Polearms       | 1 2 3 4 5 6 7 8 9 |  9.2
Staves         | 1 2 3 4 5 6 7 8 9 |  9.2
Slings         | 1 2 3 4 5 6 7 8 9 |  9.2
Bows           | 1 2 3 4 5 6 7 8 9 |  9.2
Crossbows      | 1 2 3 4 5 6 7 8 9 |  9.2
Throwing       | 1 2 3 4 5 6 7 8 9 |  9.2
Armour         | 1 2 3 4 5 6 7 8 9 |  9.2
Stealth        | 1 2 3 4 5 6 7 8 9 |  9.2
Shields        | 1 2 3 4 5 6 7 8 9 |  9.2
Unarmed Combat | 1 2 3 4 5 6 7 8 9 |  9.2
Invocations    | 1 2 3 4 5 6 7 8 9 10 | 10.0
Evocations     | 1 2 3 4 5 6 7 8 9 |  9.2
Conjurations   | 1 2 3 4 5 6 7 |  7.7
Hexes          | 1 2 3 4 5 6 7 |  7.7
Charms         | 1 2 3 4 5 6 7 |  7.7
Summonings     | 1 2 3 4 5 6 7 |  7.7
Necromancy     | 1 2 3 4 5 6 7 |  7.7
Translocations | 1 2 3 4 5 6 7 |  7.7
Transmutations | 1 2 3 4 5 6 7 |  7.7
Fire Magic     | 1 2 3 4 5 6 7 |  7.7
Ice Magic      | 1 2 3 4 5 6 7 |  7.7
Air Magic      | 1 2 3 4 5 6 7 |  7.7
Earth Magic    | 1 2 3 4 5 6 7 |  7.7
Poison Magic   | 1 2 3 4 5 6 7 |  7.7
Fighting       | 7 8 9 10 11 | 11.1
Long Blades    | 7 8 9 10 11 | 11.1
Dodging        | 7 8 9 10 11 | 11.1

Action                   |  1- 3 |  4- 6 |  7- 9 | 10-12 | 13-15 || total
-------------------------+-------+-------+-------+-------+-------++-------
Melee: Long sword        |    76 |    44 |   138 |   431 |   350 ||  1039
       Bite              |     8 |     4 |    19 |    72 |    37 ||   140
       Punch             |     1 |       |     1 |    18 |    20 ||    40
 Cast: Flame Tongue      |     8 |    35 |    84 |   268 |   176 ||   571
       Throw Frost       |       |    27 |   105 |    21 |    23 ||   176
       Iskenderun's Batt |       |       |     3 |     3 |     2 ||     8
       Mephitic Cloud    |       |       |    20 |    35 |    41 ||    96
       Inner Flame       |       |       |     8 |    94 |    71 ||   173
       Olgreb's Toxic Ra |       |       |       |    78 |    82 ||   160
       Mana Rupture      |       |       |       |       |     3 ||     3
       Bolt of Magma     |       |       |       |       |    10 ||    10
 Abil: Evoke Flight      |       |       |       |       |     3 ||     3
       Stop Flying       |       |       |       |       |     1 ||     1
Evoke: Wand              |       |       |     1 |     6 |     1 ||     8
       Lamp of fire      |       |       |       |     1 |     1 ||     2
  Use: Scroll            |       |     7 |     8 |    14 |     9 ||    38
       Potion            |       |     4 |     5 |    12 |     2 ||    23
 Stab: Sleeping          |     1 |       |       |     1 |     5 ||     7
       Confused          |       |       |     1 |     7 |     8 ||    16
       Distracted        |       |       |       |     1 |     1 ||     2
  Eat: Chunk             |       |     5 |    16 |    31 |    32 ||    84
       Ration            |       |       |       |     2 |       ||     2
Armor: Steam dragon scal |    20 |    10 |    37 |   127 |       ||   194
       Troll leather arm |       |       |       |    42 |   153 ||   195
Dodge: Dodged            |    72 |    39 |   150 |   455 |   312 ||  1028
Block: Other             |     2 |     4 |    19 |    51 |    52 ||   128
